 Dungeon Crawl Stone Soup version 0.29-a0-1009-g60c99734e7 (webtiles) character file.

Game seed: 12493841252350421944

3106 jlumianski the Chopper (level 9, -1/66 HPs)
             Began as a Demonspawn Gladiator on Aug 8, 2022.
             Slain by a two-headed ogre
             ... wielding a +0 giant club
              (8 damage)
             ... on level 6 of the Dungeon on Aug 9, 2022.
             The game lasted 00:32:44 (7692 turns).

jlumianski the Chopper (Demonspawn Gladiator)       Turns: 7692, Time: 00:32:45

Health: -1/66      AC: 11    Str: 28    XL:     9   Next: 60%
Magic:  0/15       EV: 12    Int: 13    God:
Gold:   408        SH:  0    Dex: 14    Spells: 12/17 levels left

rFire   . . .      SeeInvis .   M - +2 broad axe (venom)
rCold   . . .      Faith    .   (no shield)
rNeg    . . .      Spirit   +   F - +2 ring mail {rPois}
rPois   +          Reflect  .   c - +0 helmet
rElec   .          Harm     .   A - +0 cloak
rCorr   .          Rampage  .   (no gloves)
Will    .....                   (no boots)
Stlth   +.........              v - amulet of guardian spirit
HPRegen 0.21/turn               B - +6 ring of strength
MPRegen 0.14/turn               m - +6 ring of strength

@: no status effects
A: ignite blood 3, spiny 1, sharp scales 1, demonic touch 2
a: no special abilities


You were on level 6 of the Dungeon.
You visited 1 branch of the dungeon, and saw 7 of its levels.

You collected 408 gold pieces.

Inventory:

Hand Weapons
 a - a +3 war axe
 z - a +2 quarterstaff of chaos
 E - a +3 spear
 I - a +2 vorpal war axe
 K - a +2 vorpal spear
 M - a +2 broad axe of venom (weapon)
 N - a +3 trident
Missiles
 d - 4 throwing nets
 e - a javelin
 g - 61 stones
 j - 11 atropa-tipped darts (quivered)
 o - 15 poisoned darts
 C - 2 curare-tipped darts
Armour
 b - a +0 leather armour
 c - a +0 helmet (worn)
 w - a +0 pair of gloves
 A - a +0 cloak (worn)
 F - a +2 ring mail of poison resistance (worn)
 L - +0 ice dragon scales
Magical Staves
 h - a staff of cold
Jewellery
 m - a +6 ring of strength (right hand)
 s - a ring of ice
 t - a ring of flight
 v - an amulet of guardian spirit (around neck)
 B - a +6 ring of strength (left hand)
 G - a ring of magical power
Wands
 k - a wand of flame (36)
 O - a wand of digging (5)
Scrolls
 i - 4 scrolls of teleportation
 n - a scroll of fear
 r - a scroll of poison
 y - a scroll of magic mapping
 D - a scroll of fog {unknown}
 H - a scroll of enchant weapon
 J - a scroll of blinking
Potions
 f - a potion of flight
 l - 3 potions of mutation
 p - a potion of degeneration
 q - a potion of attraction {unknown}
 u - a potion of curing
 x - a potion of resistance


   Skills:
 + Level 4.4 Fighting
 + Level 7.4 Axes
 + Level 2.3 Throwing
 + Level 4.6 Armour
 + Level 4.2 Dodging
 + Level 2.6 Stealth
 * Level 4.6 Spellcasting
 * Level 4.5 Ice Magic


You had 12 spell levels left.
You knew the following spells:

 Your Spells              Type           Power      Damage    Failure   Level
a - Freeze                Ice            56%        1d7       4%          1
b - Summon Small Mammal   Summ           12%        N/A       28%         1
c - Frozen Ramparts       Ice            28%        1d5       13%         3

Your spell library contained the following spells:

 Spells                   Type           Power      Damage    Failure   Level
 Beastly Appendage        Tmut           6%         N/A       28%         1
 Wereblood                Tmut           3%         N/A       38%         2
 Call Canine Familiar     Summ           3%         N/A       63%         3
 Gell's Gravitas          Tloc           3%         N/A       63%         3
 Lesser Beckoning         Tloc           3%         N/A       63%         3
 Spider Form              Tmut/Pois      3%         N/A       63%         3
 Summon Guardian Golem    Hex/Summ       3%         N/A       63%         3
 Teleport Other           Tloc           3%         N/A       63%         3
 Hailstorm                Conj/Ice       8%         3d4       71%         4


Dungeon Overview and Level Annotations

Branches:
Dungeon (7/15)
 Temple: D:4-7

Altars:

Shops:
D:3 :

Annotations:
D:6 1 runed translucent door


Innate Abilities, Weirdness & Mutations

Your demonic aura causes all spilled blood to erupt in flames.
You are partially covered in sharp spines.
You are partially covered in razor-sharp scales. (AC +1, Slay +1)
Your touch may inflict irresistible damage on your foes.


Message History

Things that are here:
a +0 dagger; a +0 robe; an orc corpse
Things that are here:
a +0 giant club; an ogre corpse
There is a large open door here.
There is a huge open gate here.
There is a huge open gate here.
There is a large open door here.
The orc priest shouts!
You hear two shouts!
The orc priest shouts!
The orc priest calls down the wrath of Beogh upon you.
Beogh smites you!
The orc priest is struck by your spines.
The orc priest hits you but does no damage.
You hit the orc priest. Your touch misses the orc priest.
The orc priest is moderately wounded.
The orc priest calls upon Beogh to heal the orc priest.
The orc priest's wounds heal themselves!
The orc priest hits you but does no damage.
You are electrocuted!
You barely miss the orc priest.
The orc priest calls down the wrath of Beogh upon you.
Beogh smites you!
The orc priest hits you but does no damage.
You are electrocuted!
You slash the orc priest!
You kill the orc priest!
The two-headed ogre is engulfed in blazing flames.
The two-headed ogre is struck by your spines.
The two-headed ogre hits you with a +0 giant club!!
* * * LOW HITPOINT WARNING * * *
The two-headed ogre hits you with a +0 giant club.
* * * LOW HITPOINT WARNING * * *
The orc priest is engulfed in blazing flames.
The orc priest hits you but does no damage.
Things that are here:
a +0 short sword of electrocution; a +0 leather armour The two-headed ogre is engulfed in blazing flames.
The two-headed ogre barely misses you.
The two-headed ogre hits you with a +0 giant club!
You die...

~~~≈≈#####≈~.. ..h #Ooo#≈≈.. #
#...#≈~.. #h###≈~..
#################### ..#.~≈≈..
.......#8..8#......# ..###.≈≈~..
.......'....'..8#..##''## #.~~≈..
..))..)'....'..8#O§...... #.~~~..
..)))..#....#...@§o...... #.~≈≈..
'#######....#########''## #.~~~..
..#....#....# #.≈≈~..
..#.##.#.)..# ..#.~≈~..
.......#....# #'###≈~P.
########''''#############...#≈~..
..................[)....#.o.#~~..
~~≈~~~~~....~≈≈≈~~~~≈~≈≈#####~~..
≈≈≈≈≈≈≈~....~~≈≈≈≈~≈≈≈≈≈≈≈≈≈≈≈~..


You could see a two-headed ogre and an orc priest.

Vanquished Creatures
  Menkaure (D:5)
  Duvessa (D:4)
  3 ice beasts
  An orc warrior (D:6)
  A sky beast (D:7)
  4 ogres (D:6)
  2 centaurs (D:6)
  2 kobold brigands (D:6)
  3 gnoll sergeants (D:6)
  2 bullfrogs (D:4)
  2 necrophages
  2 scorpions
  Dowan (D:4)
  3 howler monkeys
  5 hounds
  A jelly (D:5)
  4 gnoll boudas
  5 orc priests (D:6)
  Crazy Yiuf (D:4)
  An iguana (D:4)
  Natasha (thrice) (D:4)
  4 orc wizards
  21 gnolls
  13 adders
  A worm (D:3)
  2 dart slugs
  9 orcs
  3 ball pythons
  4 endoplasms
  A giant cockroach (D:1)
  6 goblins
  3 hobgoblins
  4 jackals
  A quokka (D:3)
  9 bats
  8 frilled lizards
  9 kobolds
  6 rats
  A butterfly (D:5)
153 creatures vanquished.

Vanquished Creatures (others)
  An orc warrior (D:6)
  A gnoll sergeant (D:6)
  An orc priest (D:6)
  An orc wizard (D:6)
  2 orcs (D:6)
  6 plants
12 creatures vanquished.

Grand Total: 165 creatures vanquished

Notes
Turn   | Place    | Note
-------+----------+-------------------------------------------
     0 | D:1      | jlumianski the Demonspawn Gladiator began the quest for the
                  | Orb.
     0 | D:1      | Reached XP level 1. HP: 16/16 MP: 1/1
   266 | D:1      | Gained mutation: You are partially covered in sharp spines.
                  | [demonic ancestry]
   266 | D:1      | Reached XP level 2. HP: 20/22 MP: 2/2
   315 | D:1      | Learned a level 1 spell: Freeze
   947 | D:2      | Reached skill level 3 in Axes
   947 | D:2      | Gained mutation: Your demonic aura sometimes causes spilled
                  | blood to erupt in flames. [demonic ancestry]
   947 | D:2      | Reached XP level 3. HP: 28/28 MP: 3/3
   953 | D:2      | Learned a level 1 spell: Summon Small Mammal
  1383 | D:2      | Found a faded altar of an unknown god.
  1569 | D:3      | Reached skill level 1 in Ice Magic
  1985 | D:3      | Found Epips's Book Shoppe.
  2283 | D:3      | Gained mutation: Your touch may inflict minor irresistible
                  | damage on your foes. [demonic ancestry]
  2283 | D:3      | Reached XP level 4. HP: 22/34 MP: 4/4
  2810 | D:4      | Noticed Dowan
  2812 | D:4      | Noticed Duvessa
  3032 | D:3      | Upgraded the game from 0.29-a0-1008-g949cc1d0fb to
                  | 0.29-a0-1009-g60c99734e7
  3092 | D:3      | Reached skill level 1 in Armour
  3306 | D:4      | Killed Duvessa
  3307 | D:4      | Reached skill level 1 in Spellcasting
  3307 | D:4      | Gained mutation: Your demonic aura often causes spilled
                  | blood to erupt in flames. [demonic ancestry]
  3307 | D:4      | Reached XP level 5. HP: 26/39 MP: 3/6
  3345 | D:4      | Killed Dowan
  3346 | D:4      | Gained mutation: You are partially covered in razor-sharp
                  | scales. (AC +1, Slay +1) [demonic ancestry]
  3346 | D:4      | Reached XP level 6. HP: 23/46 MP: 4/7
  3580 | D:4      | Reached skill level 4 in Axes
  3678 | D:4      | Noticed Natasha
  3683 | D:4      | Killed Natasha
  3696 | D:4      | Noticed Natasha
  3704 | D:4      | Killed Natasha
  3792 | D:4      | Noticed Natasha
  3797 | D:4      | Killed Natasha
  3824 | D:4      | Gained mutation: Your demonic aura causes all spilled blood
                  | to erupt in flames. [demonic ancestry]
  3824 | D:4      | Reached XP level 7. HP: 36/51 MP: 6/9
  4057 | D:4      | Found a runed translucent door.
  4058 | D:4      | Noticed Crazy Yiuf
  4063 | D:4      | Killed Crazy Yiuf
  4126 | D:5      | Entered Level 5 of the Dungeon
  4145 | D:5      | Reached skill level 1 in Stealth
  4578 | D:5      | Noticed Menkaure
  4592 | D:4      | Reached skill level 5 in Axes
  4762 | D:4      | Reached XP level 8. HP: 45/58 MP: 11/11
  5599 | D:5      | Killed Menkaure
  6245 | D:6      | Learned a level 3 spell: Frozen Ramparts
  6321 | D:6      | Reached skill level 6 in Axes
  6628 | D:7      | Gained mutation: Your touch may inflict irresistible damage
                  | on your foes. [demonic ancestry]
  6628 | D:7      | Reached XP level 9. HP: 57/65 MP: 14/14
  6753 | D:6      | Found a runed translucent door.
  7258 | D:6      | Reached skill level 7 in Axes
  7391 | D:6      | Noticed a two-headed ogre
  7692 | D:6      | Slain by a two-headed ogre

Illustrated notes

Levels and vault maps discovered:
D:1:      dpeg_arrival_castle, layout_loops_ring
D:2:      layout_loops_ring, hellmonk_ecumenical_altar_pennies_from_heaven,
          serial_forest, infiniplex_forest_end_3, infiniplex_forest_straight_5,
          infiniplex_forest_clump_long, infiniplex_forest_corner_1,
          infiniplex_forest_straight_2
D:3:      minmay_chambers_of_twos, layout_loops_cross, serial_shops,
          shop_fountains
D:4:      layout_cave_pools, st_stairs_12, uniq_crazy_yiuf_cottage,
          uniq_duvessa, uniq_natasha
D:5:      layout_basic, kennysheep_mini, hangedman_glass_garden, uniq_menkaure
D:6:      lemuel_castle_with_subvaults [lemuel_castle_interior_carwin_2],
          layout_loops_ring, gammafunk_ghost_grave, lemuel_flamethrower_2
D:7:      layout_rooms, mainiacjoe_overflow_catwalk,
          nicolae_hepliaklqana_hippocampus, mainiacjoe_overflow_cross_hatched,
          minmay_chambers_of_fives

Skill      XL: |  1  2  3  4  5  6  7  8  9 |
---------------+----------------------------+-----
Throwing       | 2 |  2.3
Dodging        | 3 4 |  4.2
Axes           | 3 4 5 6 7 |  7.4
Ice Magic      | 1 2 3 4 |  4.5
Armour         | 2 3 4 |  4.6
Spellcasting   | 1 2 3 4 |  4.6
Stealth        | 1 2 |  2.6
Fighting       | 3 4 |  4.4

Action                   |  1- 3 |  4- 6 |  7- 9 || total
-------------------------+-------+-------+-------++-------
Melee: War axe           |    87 |    58 |   125 ||   270
       Punch             |     2 |       |     2 ||     4
       Touch             |       |     6 |    30 ||    36
       Broad axe         |       |       |    21 ||    21
Throw: Dart              |     1 |       |       ||     1
       Throwing net      |       |       |     4 ||     4
 Cast: Freeze            |       |     1 |     1 ||     2
       Frozen Ramparts   |       |       |     4 ||     4
Evoke: Wand              |       |       |     1 ||     1
  Use: Scroll            |     8 |     1 |     7 ||    16
       Potion            |       |       |     3 ||     3
 Stab: Sleeping          |     2 |       |     1 ||     3
       Held in net/web   |       |       |     1 ||     1
Armor: Leather armour    |    29 |    14 |    37 ||    80
       Ring mail         |       |       |    16 ||    16
Dodge: Dodged            |    52 |    40 |   108 ||   200

Table legend: (Time is in decaauts)
 A = Elapsed time spent in this place.
 B = Non-inter-level travel time spent in this place.
 C = Inter-level travel time spent in this place.
 D = Time resting spent in this place.
 E = Time spent auto-exploring this place.
 F = Levels seen in this place.
 G = Mean time per level.
                   A        B        C        D        E       F      G
               +--------+--------+--------+--------+--------+-----+--------+
         Total |   7806 |   7680 |    126 |   1754 |   3574 |   7 | 1115.1 |
       Dungeon |   7806 |   7680 |    126 |   1754 |   3574 |   7 | 1115.1 |
               +--------+--------+--------+--------+--------+-----+--------+

Top non-repeatable levels by time:
     D:4: 1751 daAuts
     D:6: 1640 daAuts
     D:3: 1449 daAuts
     D:5: 1135 daAuts
     D:2: 976 daAuts
     D:1: 838 daAuts
     D:7: 14 daAuts
